 Dungeon Crawl Stone Soup version 0.31-a0-167-g1c394c0614 (webtiles) character file.

Game seed: 6860328161735027652

32 qw the Shooter (level 3, -1/21 HPs)
             Began as a Gargoyle Hunter on June 14, 2023.
             Slain by a hobgoblin (5 damage)
             ... on level 2 of the Dungeon.
             The game lasted 00:00:19 (1148 turns).

qw the Shooter (Gargoyle Hunter)                    Turns: 1148, Time: 00:00:19

Health: -1/21      AC:  8    Str: 14    XL:     3   Next: 27%
Magic:  3/3        EV: 10    Int:  9    God:
Gold:   70         SH:  0    Dex: 15    Spells: 2/2 levels left

rFire   . . .        Y - +1 shortbow
rCold   . . .        (shield currently unavailable)
rNeg    + . .        j - +0 ring mail
rPois   inf          (no helmet)
rElec   +            (no cloak)
rCorr   .            (no gloves)
SInv    .            (no boots)
Will    .....        e - amulet of the acrobat
Stlth   +            (no ring)
HPRegen 0.23/turn    (no ring)
MPRegen 0.08/turn

%: acrobat
@: no status effects
A: sickness immunity, AC +3, negative energy resistance 1, electricity
resistance, torment resistance 1, petrification resistance
a: no special abilities


You were on level 2 of the Dungeon.
You visited 1 branch of the dungeon, and saw 2 of its levels.

You collected 70 gold pieces.


Innate Abilities, Weirdness & Mutations

You are immune to sickness and miasma.
Your stone body is resilient. (AC +3)
You are immune to poison.
You resist negative energy. (rN+)
You are resistant to electric shocks. (rElec)
You are resistant to unholy torment.
You are immune to petrification.


   Skills:
 - Level 2.1 Fighting
 + Level 4.9 Ranged Weapons
 - Level 1.0 Armour
 - Level 1.5 Dodging
 - Level 1.1 Stealth


You had 2 spell levels left.
You didn't know any spells.
Your spell library was empty.

Inventory:

Hand Weapons
 Y - a +1 shortbow (weapon)
Armour
 j - a +0 ring mail (worn)
Jewellery
 e - an amulet of the acrobat (around neck)
Scrolls
 f - a scroll of identify
Potions
 g - a potion of berserk rage {unknown}
 h - a potion of lignification {unknown}
 i - a potion of ambrosia {unknown}

Dungeon Overview and Level Annotations

Branches:
Dungeon (2/15)

Altars:

Annotations:
D:2 Jessica, Robin


Message History

Jessica mumbles some strange words.
Jessica blinks!
The goblin hits you but does no damage.
You shoot an arrow.
The arrow hits the goblin but does no damage.
The goblin closely misses you. The hobgoblin closely misses you.
Robin roars a battlecry!
The goblins go into a battle-frenzy!
The goblin barely misses you. The goblin completely misses you.
The hobgoblin barely misses you. The goblin closely misses you.
You shoot an arrow. The arrow barely misses the goblin.
The arrow hits the hobgoblin.
The hobgoblin is heavily wounded.
The hobgoblin hits you but does no damage.
The goblin hits you with a +0 club. The goblin barely misses you.
You shoot an arrow. The arrow completely misses the goblin.
The arrow closely misses the hobgoblin.
The arrow barely misses the goblin.
Jessica casts a spell.
Jessica blinks!
The goblin misses you. The goblin closely misses you.
The hobgoblin hits you but does no damage.
You shoot an arrow. The arrow hits the goblin.
The goblin is heavily wounded.
The hobgoblin barely misses you. The goblin completely misses you.
The goblin hits you but does no damage.
You shoot an arrow. The arrow hits the goblin.
You kill the goblin!
The hobgoblin closely misses you. The goblin hits you with a +0 club.
The hobgoblin hits you but does no damage.
The goblin hits you with a +0 club. The hobgoblin hits you.
Robin says, "We wiped out the hill dwarves - you're next!"
You shoot an arrow. The arrow hits the hobgoblin.
The hobgoblin is severely wounded.
The hobgoblin barely misses you. The goblin hits you but does no damage.
The hobgoblin hits you.
Robin roars a battlecry!
The hobgoblin goes into a battle-frenzy!
You shoot an arrow. The arrow hits the hobgoblin.
You kill the hobgoblin!
The hobgoblin hits you but does no damage.
The goblin misses you. The goblin completely misses you.
The hobgoblin hits you.
You die...

. .. # ... #.
....
.####.####.....
......g@g@g....
.######g##.....
#S# ... #)# .
#.. ... ####


You could see Robin, Jessica (fast), a hobgoblin (strong), 2 goblins and a ball
python.

Vanquished Creatures
  3 bats
  4 endoplasms (D:1)
  8 goblins
  6 hobgoblins
  A kobold (D:1)
  A ball python (D:1)
  2 frilled lizards (D:1)
  3 rats (D:1)
28 creatures vanquished.

Notes
Turn   | Place    | Note
-------+----------+-------------------------------------------
     0 | D:1      | qw the Gargoyle Hunter began the quest for the Orb.
     0 | D:1      | Reached XP level 1. HP: 12/12 MP: 1/1
     0 | D:1      | 0 ||| qw: Version: 0.2-a-29-g1fa15c8
     0 | D:1      | 0 ||| qw: Game counter: 5130
     0 | D:1      | 0 ||| qw: Always use a shield: true
     0 | D:1      | 0 ||| qw: God list: Okawaru
     0 | D:1      | 0 ||| qw: Allow faded altars: false
     0 | D:1      | 0 ||| qw: Do Orc after D:15 true
     0 | D:1      | 0 ||| qw: Do second Lair branch before Depths: true
     0 | D:1      | 0 ||| qw: Lair rune preference: random
     0 | D:1      | 0 ||| qw: Plans: Normal, Zot:1-4, Slime:5, God:TSO, Crypt,
                  | Tomb, Abyss, Pan, Hells, Win
     0 | D:1      | 0 ||| PLANNING D:1-11
   331 | D:1      | Reached XP level 2. HP: 17/17 MP: 2/2
   920 | D:1      | Found a faded altar of an unknown god.
  1053 | D:1      | 1053 ||| UPGRADING to +0 ring mail.
  1063 | D:1      | 1063 ||| DROPPING +0 leather armour.
  1064 | D:1      | 1064 ||| UPGRADING to amulet of the acrobat.
  1069 | D:1      | 1069 ||| READING scroll labelled PUZIDGHUGIDE.
  1070 | D:1      | 1070 ||| READING 2 scrolls labelled TALIWKOULIU.
  1071 | D:1      | 1071 ||| READING scroll labelled VOMASI RETTO.
  1072 | D:1      | 1072 ||| READING scroll labelled GOFUAM YQYIZA.
  1076 | D:1      | 1076 ||| DROPPING scroll of butterflies.
  1132 | D:2      | Noticed Jessica
  1134 | D:2      | Reached XP level 3. HP: 21/21 MP: 3/3
  1139 | D:2      | Noticed Robin
  1141 | D:2      | Reached skill level 1 in Armour
  1147 | D:2      | HP: 4/21 [hobgoblin[Robin] (4)]
  1148 | D:2      | Slain by a hobgoblin

Levels and vault maps discovered:
D:1:      lightli_arrival_statuegarden, layout_basic,
          hellmonk_ecumenical_altar_prayer_group
D:2:      layout_basic, minmay_tiny_reverse_x, uniq_jessica, uniq_robin

Skill      XL: |  1  2  3 |
---------------+----------+-----
Armour         | 1 |  1.0
Fighting       | |  2.1
Ranged Weapons | |  4.9
Dodging        | |  1.5
Stealth        | |  1.1

Action                     || total
---------------------------++-------
   Fire: Shortbow          ||    73
    Use: Scroll            ||     4
 Armour: Leather armour    ||     9
         Ring mail         ||    14
  Dodge: Dodged            ||    42

Table legend:
 A = Non-vault XP
 B = Vault XP
 C = Vault XP percentage of total XP
 D = Non-vault monster count
 E = Vault monster count
 F = Vault count percentage of total count
                 A         B        C        D         E       F
            +---------+---------+-------+---------+---------+-------
      Total |      23 |      26 |  53.1 |      15 |      13 |  46.4
            +---------+---------+-------+---------+---------+-------
        D:1 |      22 |      10 |  31.2 |      14 |       5 |  26.3
        D:2 |       1 |      16 |  94.1 |       1 |       8 |  88.9
            +---------+---------+-------+---------+---------+-------
